 Dungeon Crawl Stone Soup version 0.29-a0-323-g050149af67 (webtiles) character file.

Game seed: 15462250948581395643

263 ImHallYall the Chopper (level 5, 0/40 HPs)
             Began as a Demonspawn Gladiator on Apr 11, 2022.
             Succumbed to a kobold's poison
             ... in a sewer.
             The game lasted 00:08:25 (3835 turns).

ImHallYall the Chopper (Demonspawn Gladiator)       Turns: 3835, Time: 00:08:26

Health: 0/40       AC: 18    Str: 16    XL:     5   Next: 97%
Magic:  5/5        EV:  5    Int:  9    God:
Gold:   152        SH:  0    Dex: 15    Spells: 4/4 levels left

rFire   . . .      SeeInvis .   a - +0 war axe (protect)
rCold   . . .      Faith    .   (no shield)
rNeg    . . .      Spirit   .   k - +0 plate armour
rPois   .          Reflect  .   (helmet restricted)
rElec   .          Harm     .   (no cloak)
rCorr   .          Rampage  .   (no gloves)
Will    .....                   (no boots)
Stlth   ..........              (no amulet)
HPRegen 0.13/turn               (no ring)
MPRegen 0.09/turn               (no ring)

@: lethally poisoned (0 -> -2), under a protective aura
A: antennae 1, ignite blood 1, powered by death 1
a: no special abilities


You were in a sewer.
You visited 1 branch of the dungeon, and saw 3 of its levels.
You also visited: Sewer.

You collected 152 gold pieces.

Inventory:

Hand Weapons
 a - a +0 war axe of protection (weapon)
 y - a +0 antimagic hand axe
Missiles
 d - 3 throwing nets (quivered)
 e - a javelin
 i - 2 atropa-tipped darts
 j - 5 poisoned darts
Armour
 b - a +0 leather armour
 c - a +0 helmet
 g - a +0 ring mail
 k - a +0 plate armour (worn)
 s - a +2 leather armour of cold resistance
Scrolls
 f - a scroll of teleportation
 l - a scroll of vulnerability {unknown}
 m - 2 scrolls of identify
 o - a scroll of blinking {unknown}
 q - a scroll of fear {unknown}
 r - a scroll of enchant weapon {unknown}
 u - a scroll of noise {unknown}
 v - a scroll of immolation {unknown}
Potions
 h - 2 potions of haste {unknown}
 n - 2 potions of cancellation {unknown}
 p - 2 potions of heal wounds {unknown}
 t - a potion of lignification {unknown}
 w - 2 potions of brilliance {unknown}
 x - a potion of attraction {unknown}
 z - a potion of curing {unknown}
 A - 2 potions of mutation {unknown}
 B - a potion of invisibility {unknown}


   Skills:
 + Level 2.9 Fighting
 + Level 4.7 Axes
 + Level 1.9 Throwing
 + Level 2.3 Armour
 + Level 3.1 Dodging
 + Level 0.4 Stealth


You had 4 spell levels left.
You didn't know any spells.
Your spell library was empty.

Dungeon Overview and Level Annotations

Branches:
Dungeon (3/15)              Sewer (1/1)

Altars:


Innate Abilities, Weirdness & Mutations

You have a pair of small antennae on your head.
Your demonic aura sometimes causes spilled blood to erupt in flames.
You regenerate a little health from kills.


Message History

You feel very sick.
The kobold brigand hits you with a +0 short sword.
The kobold hits you but does no damage.
The kobold brigand hits you but does no damage.
The kobold hits you but does no damage.
You barely miss the kobold.
You hit the kobold brigand but do no damage.
* * * LOW HITPOINT WARNING * * *
You feel very sick. The kobold hits you but does no damage.
The kobold brigand hits you with a +0 short sword.
* * * LOW HITPOINT WARNING * * *
You slash the kobold!
You kill the kobold!
You hit the kobold brigand but do no damage.
* * * LOW HITPOINT WARNING * * *
You feel very sick. The kobold brigand closely misses you.
* * * LOW HITPOINT WARNING * * *
You feel sick.
The kobold brigand hits you but does no damage.
Items here: ( ))) ††.
You hit the kobold brigand.
The kobold brigand is lightly wounded.
* * * LOW HITPOINT WARNING * * *
You feel sick.
The kobold brigand hits you but does no damage. x2
You hit the kobold brigand.
The kobold brigand is moderately wounded.
* * * LOW HITPOINT WARNING * * *
You feel sick.
The kobold brigand hits you but does no damage.
You barely miss the kobold brigand.
The kobold brigand is moderately wounded.
* * * LOW HITPOINT WARNING * * *
You feel sick.
The kobold brigand hits you but does no damage.
You closely miss the kobold brigand.
The kobold brigand is moderately wounded.
You die...

≈ ≈≈## #######
≈≈#..#..#..###### ###
≈≈#....K#.......## ###..
#...@'........###....
≈≈#....)#...............
≈≈#!!#..#.≈...........##
≈≈## ####≈..##......####
≈ #≈≈≈≈≈##≈.....##.
#≈#≈≈≈≈≈≈≈.....≈..
≈#≈≈≈≈≈≈≈≈≈≈≈≈≈.÷. #
#≈#≈≈≈≈≈≈≈≈≈≈≈≈÷≈÷ #≈
#≈≈≈≈≈≈≈≈≈≈≈≈≈≈≈≈


You could see a kobold brigand.

Vanquished Creatures
  A centaur (D:3)
  3 gnolls (D:2)
  3 adders
  4 river rats
  3 worms
  7 orcs (D:3)
  2 ball pythons (D:2)
  5 bats
  4 endoplasms
  3 giant cockroaches
  6 goblins
  6 hobgoblins
  3 jackals (D:2)
  15 kobolds
  2 quokkas (D:3)
  2 frilled lizards
  13 rats
82 creatures vanquished.

Notes
Turn   | Place    | Note
-------+----------+-------------------------------------------
     0 | D:1      | ImHallYall the Demonspawn Gladiator began the quest for the
                  | Orb.
     0 | D:1      | Reached XP level 1. HP: 16/16 MP: 1/1
   167 | D:1      | Gained mutation: You have a pair of small antennae on your
                  | head. [demonic ancestry]
   167 | D:1      | Reached XP level 2. HP: 21/22 MP: 2/2
   588 | D:1      | Reached skill level 3 in Axes
  1368 | D:2      | Reached XP level 3. HP: 27/27 MP: 3/3
  1454 | D:2      | Reached skill level 1 in Armour
  1698 | D:2      | Gained mutation: Your demonic aura sometimes causes spilled
                  | blood to erupt in flames. [demonic ancestry]
  1698 | D:2      | Reached XP level 4. HP: 11/34 MP: 4/4
  2990 | D:3      | Noticed a centaur
  2996 | D:3      | Killed a centaur
  2997 | D:3      | Reached skill level 4 in Axes
  2997 | D:3      | Gained mutation: You regenerate a little health from kills.
                  | [demonic ancestry]
  2997 | D:3      | Reached XP level 5. HP: 24/39 MP: 5/5
  3371 | D:3      | Found a glowing drain.
  3375 | Sewer    | Entered a sewer
  3833 | Sewer    | HP: 2/40 [poisoned by a kobold]
  3835 | Sewer    | Succumbed to a kobold's poison

Illustrated notes

Levels and vault maps discovered:
D:1:      lemuel_arrival_behind_the_door_large, layout_loops_corners
D:2:      layout_loops_ring, wander_ebering_terrifying_dragon_lair
D:3:      layout_loops_ring, gup_sewer_entry_spiral
Sewer:    sewer_minmay_treatment

Skill      XL: |  1  2  3  4 |
---------------+-------------+-----
Dodging        | 3 |  3.1
Axes           | 3 4 |  4.7
Armour         | 1 2 |  2.3
Fighting       | |  2.9
Throwing       | |  1.9
Stealth        | |  0.4

Action                   |  1- 3 |  4- 6 || total
-------------------------+-------+-------++-------
Melee: War axe           |    98 |   143 ||   241
       Punch             |     2 |     1 ||     3
  Use: Scroll            |     2 |       ||     2
Armor: Ring mail         |    20 |       ||    20
       Plate armour      |    49 |   179 ||   228
Dodge: Dodged            |    60 |    56 ||   116

Table legend: (Time is in decaauts)
 A = Elapsed time spent in this place.
 B = Non-inter-level travel time spent in this place.
 C = Inter-level travel time spent in this place.
 D = Time resting spent in this place.
 E = Time spent auto-exploring this place.
 F = Levels seen in this place.
 G = Mean time per level.
                   A        B        C        D        E       F      G
               +--------+--------+--------+--------+--------+-----+--------+
         Total |   3933 |   3846 |     87 |   1105 |   1710 |   4 |  983.2 |
       Dungeon |   3451 |   3364 |     87 |    886 |   1623 |   3 | 1150.3 |
         Sewer |    481 |    481 |      0 |    219 |     87 |   1 |  481.0 |
               +--------+--------+--------+--------+--------+-----+--------+

Top non-repeatable levels by time:
     D:2: 1751 daAuts
     D:1: 1102 daAuts
     D:3: 597 daAuts
   Sewer: 481 daAuts
